 Dungeon Crawl Stone Soup version 0.20-a0-800-g4a616ed (webtiles) character file.

26226 Laan the Brawler (level 12, -3/183 HPs)
             Began as a Troll Berserker on Mar 2, 2017.
             Was a High Priest of Trog.
             Slain by an 11-headed hydra (7 damage)
             ... on level 5 of the Lair of Beasts.
             The game lasted 00:17:49 (11256 turns).

Laan the Brawler (Troll Berserker)                 Turns: 11256, Time: 00:17:50

Health: -3/183     AC:  7    Str: 33    XL:     12   Next: 96%
Magic:  11/11      EV: 18    Int: 12    God:    Trog [*****.]
Gold:   932        SH:  2    Dex:  9    Spells: 11/11 levels left

rFire    . . .     SeeInvis .     - Unarmed
rCold    . . .     Gourm    +   a - +1 animal skin
rNeg     . . .     Faith    .   (no shield)
rPois    .         Spirit   .   (helmet restricted)
rElec    .         Reflect  +   h - +0 cloak
rCorr    .         Harm     .   (gloves unavailable)
MR       .....                  (boots unavailable)
Stlth    ..........             m - +2 amulet of reflection
Regen    0.8/turn               G - +5 ring of intelligence
MPRegen  0.2/turn               t - +5 ring of evasion

@: berserking, very quick
A: unfitting armour, claws 3, fast metabolism 3, gourmand, regeneration 1,
shaggy fur 1, tough skin 2
a: Berserk, Trog's Hand, Brothers in Arms, Burn Spellbooks, Renounce Religion


You were on level 5 of the Lair of Beasts.
You worshipped Trog.
Trog was extremely pleased with you.
You were very full.

You visited 2 branches of the dungeon, and saw 15 of its levels.
You also visited: Ossuary.

You collected 1110 gold pieces.
You spent 178 gold pieces at shops.

Inventory:

Hand Weapons
 O - the +3 glaive "Zaug" {venom, rElec rN+ Stlth-, unknown}
   (Trog gifted it to you on level 1 of the Lair of Beasts)

   It poisons the flesh of those it strikes.
   It insulates you from electricity.
   It protects you from negative energy.
   It makes you less stealthy.
Armour
 a - a +1 animal skin (worn)
 h - a +0 cloak (worn)
Jewellery
 m - a +2 amulet of reflection (around neck)
 o - an uncursed amulet of guardian spirit
 t - a +5 ring of evasion (left claw)
 G - a +5 ring of intelligence (right claw)
 M - an uncursed ring of resist corrosion {unknown}
 T - a +3 ring of strength {unknown}
 U - an uncursed amulet of magic regeneration {unknown}
Wands
 I - a wand of lightning (0/15)
 K - a wand of acid (9/15)
 N - a wand of iceblast (11/15)
Scrolls
 f - 3 scrolls of fog
 j - 7 scrolls of blinking
 l - 2 scrolls of enchant armour
 p - 3 scrolls of remove curse
 u - 13 scrolls of identify
 v - 8 scrolls of random uselessness {unknown}
 w - 4 scrolls of enchant weapon {unknown}
 y - 3 scrolls of noise {unknown}
 z - 3 scrolls of recharging {unknown}
 C - 2 scrolls of immolation {unknown}
 E - 9 scrolls of teleportation
 F - a scroll of fear
 H - a scroll of torment {unknown}
 J - a scroll of magic mapping {unknown}
 L - a scroll of acquirement {unknown}
 V - a scroll of silence {unknown}
 X - 2 scrolls of vulnerability {unknown}
Potions
 c - 3 potions of magic {unknown}
 d - 10 potions of degeneration {unknown}
 e - 4 potions of might
 g - 3 potions of agility {unknown}
 n - a potion of heal wounds
 q - 12 potions of curing
 s - 3 potions of mutation {unknown}
 x - 3 potions of lignification {unknown}
 A - 4 potions of flight {unknown}
 B - a potion of ambrosia {unknown}
 D - a potion of haste {unknown}
 P - a potion of brilliance {unknown}
 R - a potion of berserk rage {unknown}
Books
 Q - a book of Necromancy

   Spells                             Type                      Level
   a - Pain                           Necromancy                   1
   b - Animate Skeleton               Necromancy                   1
   c - Vampiric Draining              Necromancy                   3
   d - Regeneration                   Charms/Necromancy            3
   e - Animate Dead                   Necromancy                   4
   f - Control Undead                 Necromancy                   4
   Trog disapproves of the use of such an item.
 S - a book of Changes

   Spells                             Type                      Level
   a - Beastly Appendage              Transmutation                1
   b - Sticks to Snakes               Transmutation                2
   c - Spider Form                    Transmutation/Poison         3
   d - Ice Form                       Ice/Transmutation            4
   e - Blade Hands                    Transmutation                5
   Trog disapproves of the use of such an item.
Comestibles
 b - 13 bread rations
 i - 12 meat rations
 k - 18 fruits
 r - 3 royal jellies


   Skills:
 + Level 8.5 Fighting
 + Level 8.4 Dodging
 * Level 16.7 Unarmed Combat


You had 11 spell levels left.
You didn't know any spells.

Dungeon Overview and Level Annotations

Branches:
Dungeon (10/15)            Temple (0/1) D:4            Lair (5/6) D:10
 Shoals (0/4) Lair:3       Spider (0/4) Lair:3
  Slime: Lair:5-6       Orc: D:9-12

Altars:
Cheibriados
Dithmenos
Fedhas
Gozag
Nemelex Xobeh
Okawaru
Qazlal
Ru
Sif Muna
Trog
Uskayaw
Wu Jian
Xom
The Shining One

Shops:
D:5 !   D:8 *(}*   D:9 *

Annotations:
D:3 exclusion: oklob plant
Lair:1 exclusion: 2 oklob plants
Lair:5 exclusion: oklob plant


Innate Abilities, Weirdness & Mutations

You are too large for most types of armour.
You have claws for hands.
Your metabolism is lightning-fast.
You like to eat raw meat.
Your natural rate of healing is unusually fast.
You are covered in fur. (AC +1)
You have very tough skin. (AC +2)


Message History

The 11-headed hydra misses you. x2; The 11-headed hydra bites you. x3
* * * LOW HITPOINT WARNING * * *
You are too injured to fight recklessly!
You are too injured to fight recklessly!
A red film seems to cover your vision as you go berserk!
You feel yourself moving faster!
You feel mighty!
You feel a lot less full. The 11-headed hydra bites you.
* * * LOW HITPOINT WARNING * * *
The 11-headed hydra bites you!
* * * LOW HITPOINT WARNING * * *
The 11-headed hydra barely misses you. The 11-headed hydra bites you!
* * * LOW HITPOINT WARNING * * *
The 11-headed hydra bites you!
* * * LOW HITPOINT WARNING * * *
The 11-headed hydra bites you!
* * * LOW HITPOINT WARNING * * *
The 11-headed hydra barely misses you. The 11-headed hydra misses you.
The 11-headed hydra completely misses you.
The 11-headed hydra bites you!
You die...

.##### .. ######.##
##.#.#..# .## .... #
#...+#.##.# #÷## ....
##......... ...## #..#.
##.......... ....# ....
#P..)..<.... ...##
#...#########.........
....##
P.##..#.................
...#.##.
........................
........
##.#...@#####.P.........
....##.P #...D##
##.......... ÷...##.#.
#.... ##......... .....#
# ###.. #.........
.#.### ##. #####.....
..## ## #. #.......
..##... #. #.<.....
....... .. ##.......
P...... #........


You could see a 11-headed hydra.

Vanquished Creatures
  The ghost of lolicon the Archer, a journeyman CeHu of Okawaru (Lair:1)
  Erolcha (D:9)
  A catoblepas (Lair:4)
  6 hydras
  The ghost of Laan the Impaler, a journeyman DsBe of Trog (D:10)
  A two-headed ogre (D:9)
  2 death yaks (Lair:3)
  Sonja (D:10)
  A merfolk siren (Lair:3)
  5 spiny frogs
  A gargoyle (D:10)
  7 komodo dragons
  3 rime drakes
  A troll (D:9)
  2 polar bears (Lair:4)
  4 blink frogs (Lair:3)
  7 dream sheep (Lair:4)
  6 hippogriffs
  4 yaks (Lair:3)
  2 wyverns
  3 basilisks
  A hungry ghost (D:10)
  Edmund (D:4)
  3 vampire mosquitoes (D:10)
  11 porcupines
  3 water moccasins
  2 hell hounds (Lair:3)
  4 ice beasts
  2 black bears (D:6)
  An orc warrior (D:7)
  A necrophage (D:4)
  2 ogres (D:9)
  5 wolves (Lair:1)
  4 crocodiles
  A centaur (D:6)
  A big kobold (D:7)
  9 bullfrogs
  6 scorpions
  5 killer bees
  6 wights
  3 howler monkeys
  3 crimson imps
  7 hounds
  2 bullfrog skeletons
  2 gnoll shamans
  5 orc priests
  4 human zombies (Ossuary)
  12 orc wizards
  Crazy Yiuf (D:4)
  2 iguanas
  6 worker ants
  A killer bee zombie (D:9)
  4 mummies (Ossuary)
  9 gnolls
  9 adders
  2 adder skeletons
  4 worms
  2 dart slugs
  A leopard gecko (D:6)
  27 orcs
  5 ball pythons
  8 giant cockroaches
  A gnoll zombie (Ossuary)
  7 goblins
  9 hobgoblins
  10 jackals
  3 quokkas
  12 bats
  2 frilled lizards
  11 kobolds
  2 kobold zombies (Ossuary)
  An orc zombie (Ossuary)
  5 rats
  2 fungi (D:5)
312 creatures vanquished.

Vanquished Creatures (collateral kills)
  A death yak (Lair:3)
  A komodo dragon (Lair:3)
  A hippogriff (Lair:3)
  A yak (Lair:3)
  A water moccasin (Lair:3)
5 creatures vanquished.

Vanquished Creatures (others)
  A fungus (D:5)
  4 plants
  13 toadstools (D:3)
18 creatures vanquished.

Grand Total: 335 creatures vanquished

Notes
Turn   | Place    | Note
-------+----------+-------------------------------------------
     0 | D:1      | Laan the Troll Berserker began the quest for the Orb.
     0 | D:1      | Reached XP level 1. HP: 22/22 MP: 0/0
   132 | D:1      | Reached XP level 2. HP: 29/29 MP: 1/1
   246 | D:1      | Reached skill level 4 in Unarmed Combat
   248 | D:1      | Reached ** piety under Trog
   588 | D:1      | Reached XP level 3. HP: 35/36 MP: 2/2
  1093 | D:3      | Reached XP level 4. HP: 44/44 MP: 3/3
  1101 | D:3      | Found an ornate altar of the Wu Jian Council.
  1101 | D:3      | Found a sacrificial altar of Ru.
  1102 | D:3      | Found a stormy altar of Qazlal.
  1102 | D:3      | Found a shimmering altar of Xom.
  1104 | D:3      | Reached skill level 5 in Unarmed Combat
  1106 | D:3      | Found a hide-covered altar of Uskayaw.
  1106 | D:3      | Found a bloodstained altar of Trog.
  1110 | D:3      | Found a sparkling altar of Nemelex Xobeh.
  1282 | D:3      | Found a blossoming altar of Fedhas.
  1293 | D:3      | Noticed an oklob plant
  1436 | D:3      | Found a shadowy altar of Dithmenos.
  1436 | D:3      | Found an iron altar of Okawaru.
  1436 | D:3      | Found a snail-covered altar of Cheibriados.
  1516 | D:4      | Reached XP level 5. HP: 20/50 MP: 4/4
  1524 | D:4      | Reached skill level 6 in Unarmed Combat
  1524 | D:4      | HP: 2/75 [gnoll/spear (7)]
  1688 | D:4      | Reached *** piety under Trog
  1692 | D:4      | Reached XP level 6. HP: 46/59 MP: 5/5
  1780 | D:4      | Reached skill level 7 in Unarmed Combat
  1815 | D:4      | Found a staircase to the Ecumenical Temple.
  1850 | D:4      | Noticed Edmund
  1878 | D:4      | Killed Edmund
  1878 | D:4      | Reached skill level 8 in Unarmed Combat
  1878 | D:4      | Reached XP level 7. HP: 34/66 MP: 6/6
  2121 | D:4      | Found a runed door.
  2125 | D:4      | Noticed Crazy Yiuf
  2129 | D:4      | Killed Crazy Yiuf
  2249 | D:5      | Entered Level 5 of the Dungeon
  2274 | D:5      | Reached skill level 9 in Unarmed Combat
  2319 | D:5      | Found a sand-covered staircase.
  2324 | Ossuary  | Entered an ossuary
  2842 | D:5      | Reached XP level 8. HP: 73/74 MP: 7/7
  2856 | D:5      | Found Avvu's Distillery.
  2864 | D:5      | Bought a potion of heal wounds for 70 gold pieces
  2945 | D:5      | Reached **** piety under Trog
  2983 | D:5      | Reached skill level 10 in Unarmed Combat
  3593 | D:6      | Reached skill level 11 in Unarmed Combat
  3830 | D:6      | Reached ***** piety under Trog
  3892 | D:6      | Found a glowing golden altar of the Shining One.
  3983 | D:6      | Reached XP level 9. HP: 71/80 MP: 8/8
  4245 | D:7      | Identified the Papyrus of the Mountains
  4294 | D:7      | Found a deep blue altar of Sif Muna.
  4525 | D:7      | Reached skill level 12 in Unarmed Combat
  4994 | D:8      | Found Jihuakhly's Gadget Shop.
  5093 | D:8      | Found Finait's Weapon Shoppe.
  5244 | D:8      | Found Tuirryah's Assorted Antiques.
  5249 | D:8      | Bought a scroll of teleportation for 108 gold pieces
  5493 | D:8      | Found Nuoviwn's Assorted Antiques.
  5656 | D:9      | Noticed a troll
  5662 | D:9      | Killed a troll
  5681 | D:9      | Noticed a two-headed ogre
  5682 | D:9      | Noticed Erolcha
  5687 | D:9      | Reached XP level 10. HP: 94/94 MP: 9/9
  5691 | D:9      | Killed a two-headed ogre
  5691 | D:9      | Reached skill level 13 in Unarmed Combat
  5696 | D:9      | Killed Erolcha
  5696 | D:9      | Reached skill level 5 in Fighting
  5696 | D:9      | Reached skill level 5 in Dodging
  6032 | D:9      | Found an opulent altar of Gozag.
  6036 | D:9      | Found Gozag's Platinum Reserve.
  6195 | D:10     | Entered Level 10 of the Dungeon
  6195 | D:10     | Noticed a gargoyle
  6205 | D:10     | Killed a gargoyle
  6417 | D:10     | Noticed Laan's ghost (journeyman DsBe)
  6430 | D:10     | Killed Laan's ghost
  6430 | D:10     | Reached skill level 14 in Unarmed Combat
  6461 | D:10     | Reached XP level 11. HP: 49/105 MP: 10/10
  6494 | D:10     | Found a shadowy altar of Dithmenos.
  6509 | D:10     | Noticed Sonja
  6519 | D:10     | Killed Sonja
  6674 | D:10     | Found a staircase to the Lair.
  6793 | Lair:1   | Entered Level 1 of the Lair of Beasts
  6998 | Lair:1   | Noticed lolicon's ghost (journeyman CeHu)
  7008 | Lair:1   | Killed lolicon's ghost
  7152 | Lair:1   | Received a gift from Trog
  7169 | Lair:1   | Got a twisted glaive {god gift}
  7527 | Lair:1   | Noticed a six-headed hydra
  7534 | Lair:1   | Killed an eight-headed hydra
  7789 | Lair:1   | Noticed an oklob plant
  7790 | Lair:1   | Noticed an oklob plant
  7926 | Lair:2   | Noticed a seven-headed hydra
  7932 | Lair:2   | Killed a nine-headed hydra
  7932 | Lair:2   | Reached skill level 15 in Unarmed Combat
  8550 | Lair:3   | Found a hole to the Spider Nest.
  8584 | Lair:3   | Reached XP level 12. HP: 93/118 MP: 11/11
  8589 | Lair:3   | Found a staircase to the Shoals.
  8605 | Lair:3   | Noticed a six-headed hydra
  8619 | Lair:3   | Killed a 12-headed hydra
  8622 | Lair:3   | Noticed a death yak
  8622 | Lair:3   | Noticed a death yak
  8622 | Lair:3   | Noticed a four-headed hydra
  8626 | Lair:3   | Noticed a death yak
  8632 | Lair:3   | Killed a seven-headed hydra
  8642 | Lair:3   | Killed a death yak
  8648 | Lair:3   | Killed a death yak
  8655 | Lair:3   | Killed a death yak
  8656 | Lair:3   | HP: 3/119 [komodo dragon (23)]
  9303 | Lair:3   | Reached skill level 16 in Unarmed Combat
  9676 | Lair:4   | Noticed a catoblepas
  9684 | Lair:4   | Killed a catoblepas
 10035 | Lair:4   | Noticed a seven-headed hydra
 10043 | Lair:4   | HP: 6/178 [ten-headed hydra (6)]
 10045 | Lair:4   | Killed a 12-headed hydra
 10805 | Lair:5   | Noticed an eight-headed hydra
 10809 | Lair:5   | Killed an 11-headed hydra
 11182 | Lair:5   | Found a deep blue altar of Sif Muna.
 11249 | Lair:5   | Noticed a six-headed hydra
 11256 | Lair:5   | HP: 4/183 [11-headed hydra (9)]
 11256 | Lair:5   | Slain by an 11-headed hydra

Vault maps used:
D:1:      lightli_arrival_statue_moat
D:3:      gammafunk_temple_overflow_claw, grunt_temple_overflow_open,
          first_bread, tgw_fedhas
D:4:      temple_doors_cd, portal_sewer_entry_b, grunt_ministairs_1,
          uniq_crazy_yiuf_cottage, uniq_edmund
D:5:      old_forge, enter_ossuary_2, serial_shops, shop, serial_park_tiny_pond
D:6:      tso_oasis_becter, minivault_23
D:7:      led_sif_book
D:8:      serial_shops, shop, shop, shop, shop
D:9:      nicolae_gozag_zags_fifth_avenue, uniq_erolcha
D:10:     david_lair_shrubbed, grunt_dithmenos_smoke_and_mirrors, uniq_sonja
Lair:1:   minmay_lair_oklob_tunnel, st_stairs_5, nicolae_quartered_pool_super,
          beast_lair_carwin_4, grunt_megastairs_3
Lair:3:   minmay_shoals_entry_lonely_mermaid, spider_nest_entry_web_field,
          enter_volcano_3, nicolae_lair_grove_arrangements
Lair:5:   basic_altar, lemuel_fruit_fields
Ossuary:  ossuary_crypta

Skill      XL: |  1  2  3  4  5  6  7  8  9 10 11 12 |
---------------+-------------------------------------+-----
Unarmed Combat | 4 5 6 8 9 11 12 14 15 16 | 16.7
Fighting       | 4 5 7 8 |  8.5
Dodging        | 4 5 7 8 |  8.4

Action                   |  1- 3 |  4- 6 |  7- 9 | 10-12 || total
-------------------------+-------+-------+-------+-------++-------
Melee: Unarmed           |    95 |    99 |   286 |   376 ||   856
       Punch             |     3 |     2 |    13 |    17 ||    35
Invok: Berserk           |       |     3 |     4 |    12 ||    19
       Burn Spellbooks   |       |       |     1 |     1 ||     2
       Brothers in Arms  |       |       |       |     2 ||     2
       Trog's Hand       |       |       |       |     1 ||     1
Evoke: Wand              |       |       |     2 |     3 ||     5
  Use: Scroll            |     9 |       |       |       ||     9
       Potion            |       |     1 |       |     6 ||     7
 Stab: Sleeping          |     1 |       |       |       ||     1
  Eat: Chunk             |    16 |     9 |    36 |    65 ||   126
Armor: Animal skin       |    27 |    27 |    65 |    65 ||   184
Dodge: Dodged            |    39 |    96 |   197 |   309 ||   641
Block: Other             |       |     7 |    17 |    25 ||    49
